 Dungeon Crawl Stone Soup version 0.30-a0-12-gd8047c6341 (webtiles) character file.

Game seed: 18014714367996997004

821 drpainis the Chopper (level 7, 0/93 HPs)
             Began as a Hill Orc Berserker on Aug 24, 2022.
             Was a Believer of Trog.
             Shot with an arrow by a centaur (12 damage)
             ... on level 5 of the Dungeon.
             The game lasted 00:09:12 (5418 turns).

drpainis the Chopper (Hill Orc Berserker)           Turns: 5418, Time: 00:09:13

Health: 0/93       AC: 10    Str: 22      XL:     7   Next: 95%
Magic:  7/7        EV:  9    Int:  5 (7)  God:    Trog [**....]
Gold:   178        SH:  0    Dex: 15 (16) Spells: 6/6 levels left

rFire   . . .      SeeInvis .    a - +0 hand axe
rCold   . . .      Faith    .    (no shield)
rNeg    . . .      Spirit   .    j - +0 chain mail
rPois   .          Reflect  .    n - +1 hat
rElec   .          Harm     .    (no cloak)
rCorr   .          Rampage  .    (no gloves)
Will    ++...                    (no boots)
Stlth   ..........               (no amulet)
HPRegen 1.25/turn                f - +6 ring of dexterity
MPRegen 0.10/turn                (no ring)

@: berserking, strong-willed, regenerating, very quick
A: no striking features
a: Renounce Religion, Berserk, Trog's Hand


You were on level 5 of the Dungeon.
You worshipped Trog.
Trog was pleased with you.
You visited 1 branch of the dungeon, and saw 5 of its levels.
You also visited: Ossuary.

You collected 198 gold pieces.
You spent 20 gold pieces at shops.

Inventory:

Hand Weapons
 a - a +0 hand axe (weapon)
Missiles
 i - 32 stones (quivered)
Armour
 b - a +0 animal skin
 j - a +0 chain mail (worn)
 n - a +1 hat (worn)
Jewellery
 f - a +6 ring of dexterity (left hand)
Scrolls
 d - 7 scrolls of blinking
 e - 3 scrolls of identify
 g - 2 scrolls of enchant armour
 k - a scroll of magic mapping {unknown}
 o - a scroll of enchant weapon {unknown}
 p - 4 scrolls of vulnerability {unknown}
 q - 4 scrolls of teleportation
 s - a scroll of noise {unknown}
 u - 3 scrolls of acquirement {unknown}
 v - a scroll of poison {unknown}
Potions
 c - a potion of degeneration
 m - a potion of haste {unknown}
 r - a potion of mutation {unknown}
 t - a potion of cancellation {unknown}


   Skills:
 + Level 5.7 Fighting
 + Level 7.9 Axes
 + Level 5.0 Armour
 + Level 3.4 Dodging
 + Level 0.4 Stealth


You had 6 spell levels left.
You didn't know any spells.
Your spell library was empty.

Dungeon Overview and Level Annotations

Branches:
Dungeon (5/15)            Ossuary (visited)
 Temple: D:4-7

Altars:
Dithmenos
Hepliaklqana
Makhleb
Trog
Uskayaw

Shops:
D:2 ?


Message History

The phantom attacks as you move away! The phantom misses you.
The centaur shoots an arrow.
The arrow hits you.
The centaur shoots an arrow.
The arrow closely misses you.
You hit the phantom.
The phantom is moderately damaged.
The centaur shoots an arrow.
The arrow hits you.
The phantom hits you but does no damage.
You hit the phantom but do no damage.
The phantom is moderately damaged.
The centaur shoots an arrow.
The arrow hits you! The phantom hits you.
The phantom blinks!
You blink.
The centaur shoots an arrow.
The arrow hits you.
The centaur shoots an arrow.
The arrow misses you.
The phantom hits you but does no damage.
Your skin crawls.
You feel strong-willed.
The centaur shoots an arrow.
The arrow hits you!
* * * LOW HITPOINT WARNING * * *
x2 The phantom hits you.
* * * LOW HITPOINT WARNING * * *
The phantom blinks!
You blink.
A hound comes into view.
A red film seems to cover your vision as you go berserk!
You feel yourself moving faster!
You feel mighty!
The hound barks!
The centaur shoots an arrow.
The arrow barely misses you. The phantom hits you.
* * * LOW HITPOINT WARNING * * *
The phantom blinks!
You blink.
You feel a strong urge to attack something.
You slash the hound!
The hound is heavily wounded.
You barely miss the phantom. The hound barely misses you.
The phantom barely misses you.
The centaur shoots an arrow.
The arrow barely misses you.
Unknown command.
You slash the hound!
You kill the hound!
Trog accepts your kill.
You hit the phantom.
The centaur shoots an arrow.
The arrow hits you!
You die...

#.#.#.#.#.#.#.###
..........<....#
#.#.#.#.#.#c#.##
........§..#
.....!....§.##
......$......#
.............#
...........W.#
...........@#
.........#
##########


You could see a phantom and a centaur.

Vanquished Creatures
  Sigmund (D:2)
  A necrophage (D:4)
  A wyvern zombie (Ossuary)
  A scorpion (D:4)
  2 centaur zombies (Ossuary)
  A bullfrog zombie (Ossuary)
  3 hounds
  An iguana (D:4)
  3 killer bee zombies (Ossuary)
  3 mummies (Ossuary)
  10 adders
  A worm (D:4)
  2 dart slugs
  2 orcs
  2 bat skeletons (D:2)
  6 endoplasms
  2 giant cockroaches (D:1)
  6 goblins
  10 hobgoblins
  5 quokkas
  7 ball pythons
  5 bats
  4 frilled lizards
  6 kobolds
  A quokka zombie (D:2)
  8 rats
94 creatures vanquished.

Vanquished Creatures (others)
  16 withered plants
16 creatures vanquished.

Grand Total: 110 creatures vanquished

Notes
Turn   | Place    | Note
-------+----------+-------------------------------------------
     0 | D:1      | drpainis the Hill Orc Berserker began the quest for the
                  | Orb.
     0 | D:1      | Reached XP level 1. HP: 19/19 MP: 1/1
   271 | D:1      | Reached XP level 2. HP: 24/27 MP: 2/2
  1050 | D:1      | Reached XP level 3. HP: 28/33 MP: 3/3
  1206 | D:1      | Found a faded altar of an unknown god.
  1785 | D:2      | Reached ** piety under Trog
  2239 | D:2      | Found Zemunn's Magic Scroll Shop.
  2245 | D:2      | Bought a scroll of identify for 20 gold pieces
  2255 | D:2      | Noticed Sigmund
  2323 | D:2      | Killed Sigmund
  2324 | D:2      | Reached skill level 6 in Axes
  2324 | D:2      | Reached XP level 4. HP: 41/41 MP: 4/4
  2324 | D:2      | Reached XP level 5. HP: 47/47 MP: 5/5
  2567 | D:2      | Reached XP level 6. HP: 42/55 MP: 6/6
  3257 | D:3      | Found a hide-covered altar of Uskayaw.
  3288 | D:3      | Found a shadowy altar of Dithmenos.
  3300 | D:3      | Found a bloodstained altar of Trog.
  3422 | D:3      | Found a burning altar of Makhleb.
  3505 | D:3      | Reached skill level 5 in Fighting
  3707 | D:3      | Found a hazy altar of Hepliaklqana.
  4117 | D:4      | Found a sand-covered staircase.
  4215 | Ossuary  | Entered an ossuary
  4250 | Ossuary  | Reached skill level 7 in Axes
  4250 | Ossuary  | Reached XP level 7. HP: 54/61 MP: 7/7
  5075 | D:4      | Reached skill level 5 in Armour
  5399 | D:5      | Entered Level 5 of the Dungeon
  5418 | D:5      | Shot with an arrow by a centaur

Illustrated notes

Levels and vault maps discovered:
D:1:      dpeg_arrival_radiant, layout_basic, basic_ecumenical_altar
D:2:      layout_loops_corners, serial_undead, serial_undead_e, serial_undead_e,
          serial_undead_e, serial_undead_b, serial_shops, shop, hex_tiny,
          uniq_sigmund
D:3:      layout_rooms, grunt_dithmenos_smoke, mainiacjoe_overflow_big_doors,
          trog_butcher_becter, nicolae_overflow_hidden_temple,
          minmay_snake_closets
D:4:      layout_loops_corners, lightli_ossuary_entry_decrepit_ruins,
          minmay_misc_feat_rugged, nicolae_kite_square_tiling_tiny
D:5:      lemuel_ice_spiral_2, layout_basic, temple_fountains, st_stairs_13,
          corexii_shack

Skill      XL: |  1  2  3  4  5  6  7 |
---------------+----------------------+-----
Fighting       | 4 5 |  5.7
Dodging        | 2 3 |  3.4
Axes           | 6 7 |  7.9
Armour         | 3 5 |  5.0
Stealth        | |  0.4

Action                   |  1- 3 |  4- 6 |  7- 9 || total
-------------------------+-------+-------+-------++-------
Melee: Hand axe          |   132 |   132 |   158 ||   422
       Punch             |     1 |     2 |     1 ||     4
Invok: Berserk           |     1 |     1 |     2 ||     4
       Trog's Hand       |     1 |     1 |     2 ||     4
  Use: Scroll            |       |     3 |       ||     3
       Potion            |       |       |     6 ||     6
Armor: Animal skin       |    32 |       |       ||    32
       Chain mail        |    10 |    75 |    90 ||   175
Dodge: Dodged            |   119 |    45 |    95 ||   259

Table legend: (Time is in decaauts)
 A = Elapsed time spent in this place.
 B = Non-inter-level travel time spent in this place.
 C = Inter-level travel time spent in this place.
 D = Time resting spent in this place.
 E = Time spent auto-exploring this place.
 F = Levels seen in this place.
 G = Mean time per level.
                   A        B        C        D        E       F      G
               +--------+--------+--------+--------+--------+-----+--------+
         Total |   5436 |   5399 |     37 |      0 |   4246 |   6 |  906.0 |
       Dungeon |   5216 |   5179 |     37 |      0 |   4160 |   5 | 1043.2 |
       Ossuary |    220 |    220 |      0 |      0 |     86 |   1 |  220.0 |
               +--------+--------+--------+--------+--------+-----+--------+

Top non-repeatable levels by time:
     D:1: 1608 daAuts
     D:4: 1403 daAuts
     D:2: 1388 daAuts
     D:3: 798 daAuts
 Ossuary: 220 daAuts
     D:5: 17 daAuts
